 Dungeon Crawl Stone Soup version 0.28-a0-1493-g08698888e4 (webtiles) character file.

Game seed: 6732036297689464422

53 a3don the Covered (level 3, -1/24 HPs)
             Began as a Gargoyle Fighter on Jan 13, 2022.
             Slain by an orc (3 damage)
             ... on level 3 of the Dungeon.
             The game lasted 00:02:17 (1268 turns).

a3don the Covered (Gargoyle Fighter)                Turns: 1268, Time: 00:02:17

Health: -1/24      AC: 10    Str: 21    XL:     3   Next: 89%
Magic:  3/3        EV:  9    Int:  8    God:
Gold:   83         SH:  4    Dex:  9    Spells: 2/2 levels left

rFire   . . .      SeeInvis .   a - +0 flail
rCold   . . .      Faith    .   c - +0 buckler
rNeg    + . .      Spirit   .   b - +0 scale mail
rPois   ∞          Reflect  .   (no helmet)
rElec   +          Harm     .   (no cloak)
rCorr   .          Rampage  .   (no gloves)
Will    .....                   (no boots)
Stlth   ..........              (no amulet)
HPRegen 0.08/turn               (no ring)
MPRegen 0.08/turn               (no ring)

@: no status effects
A: sickness immunity, AC +3, negative energy resistance 1, electricity
resistance, torment resistance 1, petrification resistance
a: no special abilities


You were on level 3 of the Dungeon.
You visited 1 branch of the dungeon, and saw 3 of its levels.

You collected 83 gold pieces.

Inventory:

Hand Weapons
 a - a +0 flail (weapon)
 j - a +1 short sword of protection
Missiles
 e - 44 stones (quivered)
 f - 44 arrows
Armour
 b - a +0 scale mail (worn)
 c - a +0 buckler (worn)
 k - an orb of mayhem
 l - an orb of energy
Scrolls
 g - a scroll of enchant weapon {unknown}
 h - 2 scrolls of identify {unknown}
 m - a scroll of fog {unknown}
Potions
 d - a potion of might
 i - 2 potions of curing {unknown}
 n - a potion of attraction {unknown}


   Skills:
 + Level 3.8 Fighting
 + Level 1.3(1.8) Axes
 - Level 2.0(2.2) Maces & Flails
 + Level 3.8 Armour
 + Level 3.8 Shields


You had 2 spell levels left.
You didn't know any spells.
Your spell library contained the following spells:

 Spells                   Type           Power      Damage    Failure   Level
 Animate Skeleton         Necr           0%         N/A       83%         1
 Apportation              Tloc           0%         N/A       83%         1
 Summon Small Mammal      Summ           0%         N/A       83%         1


Dungeon Overview and Level Annotations

Branches:
Dungeon (3/15)

Altars:


Innate Abilities, Weirdness & Mutations

You are immune to sickness and miasma.
Your stone body is resilient. (AC +3)
You are immune to poison.
You resist negative energy. (rN+)
You are resistant to electric shocks. (rElec)
You are resistant to unholy torment.
You are immune to petrification.


Message History

The orc is heavily wounded.
The orc barely misses you. The orc closely misses you.
The orc hits you but does no damage. x2
You thump the orc!
You kill the orc!
The orc hits you but does no damage. The orc barely misses you.
The orc hits you with a +0 trident. The orc completely misses you.
There is a stone staircase leading up here.
You barely miss the orc. The orc closely misses you.
The orc hits you with a +0 morningstar.
You barely miss the orc. You block the orc's attack. The orc barely misses you.
You completely miss the orc. The orc hits you but does no damage.
The orc hits you with a +0 morningstar!
* * * LOW HITPOINT WARNING * * *
The orc hits you from afar with a +0 trident.
* * * LOW HITPOINT WARNING * * *
The orc barely misses you.
You are too injured to fight recklessly!
You are too injured to fight recklessly!
You are too injured to fight recklessly!
You are too injured to fight recklessly!
You are too injured to fight recklessly!
You are too injured to fight recklessly!
You are too injured to fight recklessly!
You are too injured to fight recklessly!
You are too injured to fight recklessly!
You are too injured to fight recklessly!
You are too injured to fight recklessly!
You are too injured to fight recklessly!
You are too injured to fight recklessly!
You are too injured to fight recklessly!
You are too injured to fight recklessly!
You are too injured to fight recklessly!
You are too injured to fight recklessly!
You barely miss the orc. The orc barely misses you.
You hit the orc.
The orc is almost dead.
The orc hits you with a +0 morningstar.
You die...

#.##.#############...
#......@oo.<.........
+..########..)......#
#..........##
#............
#############


You could see 2 orcs.

Vanquished Creatures
  3 adders (D:2)
  A worm (D:2)
  A dart slug (D:2)
  An orc (D:3)
  A ball python (D:1)
  2 bats
  2 endoplasms (D:2)
  A goblin (D:2)
  2 hobgoblins (D:2)
  A quokka (D:3)
  A frilled lizard (D:2)
  3 kobolds (D:2)
  3 rats
22 creatures vanquished.

Notes
Turn   | Place    | Note
-------+----------+-------------------------------------------
     0 | D:1      | a3don the Gargoyle Fighter began the quest for the Orb.
     0 | D:1      | Reached XP level 1. HP: 14/14 MP: 1/1
   126 | D:1      | You fall into a shaft and drop 1 floor!
   131 | D:2      | Reached XP level 2. HP: 19/19 MP: 2/2
   425 | D:2      | Reached skill level 1 in Axes
   425 | D:2      | Reached XP level 3. HP: 16/23 MP: 3/3
  1268 | D:3      | Slain by an orc

Illustrated notes

Levels and vault maps discovered:
D:1:      dpeg_arrival_signposts, layout_basic
D:2:      layout_loops_corners, grunt_ministairs_3, minmay_pentomino_z2
D:3:      layout_basic, jmf_multi_god_temple

Skill      XL: |  1  2 |
---------------+-------+-----
Axes           | 1 |  1.3
Fighting       | |  3.8
Maces & Flails | |  2.0
Armour         | |  3.8
Shields        | |  3.8

Action                   || total
-------------------------++-------
Melee: Flail             ||    80
Armor: Scale mail        ||    40
Dodge: Dodged            ||    42
Block: Buckler           ||    21

Table legend: (Time is in decaauts)
 A = Elapsed time spent in this place.
 B = Non-inter-level travel time spent in this place.
 C = Inter-level travel time spent in this place.
 D = Time resting spent in this place.
 E = Time spent auto-exploring this place.
 F = Levels seen in this place.
 G = Mean time per level.
                   A        B        C        D        E       F      G
               +--------+--------+--------+--------+--------+-----+--------+
         Total |   1293 |   1249 |     44 |      0 |   1049 |   3 |  431.0 |
       Dungeon |   1293 |   1249 |     44 |      0 |   1049 |   3 |  431.0 |
               +--------+--------+--------+--------+--------+-----+--------+

Top non-repeatable levels by time:
     D:2: 1137 daAuts
     D:1: 129 daAuts
     D:3: 27 daAuts
